 Dungeon Crawl Stone Soup version 0.27.0 (webtiles) character file.

Game seed: 3256778546470057384

16356 frimble the Grappler (level 12, -2/119 HPs)
             Began as a Troll Warper on July 31, 2021.
             Was a Priest of Cheibriados.
             Slain by a demonic crawler (5 damage)
             ... on level 13 of the Dungeon.
             The game lasted 00:22:37 (10466 turns).

frimble the Grappler (Troll Warper)                Turns: 10466, Time: 00:22:37

Health: -2/119     AC: 10    Str: 36    XL:     12   Next: 9%
Magic:  13/16      EV: 12    Int: 20    God:    Cheibriados [***...]
Gold:   952        SH:  0    Dex: 18    Spells: 7/15 levels left

rFire    . . .     SeeInvis .     - Unarmed
rCold    . . .     Faith    .   (no shield)
rNeg     . . .     Spirit   .   F - +0 troll leather armour
rPois    .         Reflect  .   (helmet restricted)
rElec    .         Harm     .   (no cloak)
rCorr    .         Rampage  .   (gloves unavailable)
Will     .....                  (boots unavailable)
Stlth    ++........             D - amulet of magic regeneration
HPRegen  2.29/turn              H - +6 ring of strength
MPRegen  0.40/turn              C - +4 ring of protection

@: very slow
A: large, unfitting armour, claws 3, regeneration 1, shaggy fur 1, tough skin 1
a: Renounce Religion, Bend Time, Temporal Distortion


You were on level 13 of the Dungeon.
You worshipped Cheibriados.
Cheibriados was most pleased with you.
You visited 2 branches of the dungeon, and saw 14 of its levels.
You also visited: Bailey.

You collected 952 gold pieces.

Inventory:

Missiles
 c - 5 boomerangs of dispersal
 l - 8 large rocks
 t - 55 boomerangs
 v - 15 poisoned darts
 E - 6 javelins (quivered)
Armour
 p - a +1 robe of resistance
 u - the +1 kite shield of the Yeti {Dex+3}
   (You found it on level 7 of the Dungeon)

   Dex:       It affects your dexterity (+3).
 F - a +0 troll leather armour (worn)
Jewellery
 f - a ring of wizardry
 y - an amulet of guardian spirit
 C - a +4 ring of protection (right claw)
 D - an amulet of magic regeneration (around neck)
 G - a ring of flight
 H - a +6 ring of strength (left claw)
Wands
 w - a wand of charming (4)
 z - a wand of paralysis (4)
 B - a wand of iceblast (4)
Scrolls
 b - 2 scrolls of blinking
 h - 3 scrolls of teleportation
 k - 2 scrolls of identify
 q - a scroll of fog
 r - 2 scrolls of vulnerability
 s - 2 scrolls of enchant weapon
 J - a scroll of summoning
 K - 2 scrolls of silence
 L - a scroll of immolation
Potions
 a - 2 potions of haste
 e - 4 potions of curing
 g - 2 potions of might
 i - a potion of attraction
 j - 3 potions of flight
 m - a potion of lignification
 n - 2 potions of resistance
 x - a potion of brilliance
 A - a potion of magic
Miscellaneous
 I - a phantom mirror (inert)


   Skills:
 - Level 8.0 Fighting
 - Level 6.0 Throwing
 - Level 5.0 Dodging
 - Level 2.0 Stealth
 - Level 1.9 Shields
 + Level 10.5 Unarmed Combat
 - Level 2.0 Spellcasting
 - Level 3.0 Translocations
 + Level 6.8 Invocations
 - Level 5.0 Evocations


You had 7 spell levels left.
You knew the following spells:

 Your Spells              Type           Power      Damage    Failure   Level
a - Blink                 Tloc           N/A        N/A       8%          2
b - Statue Form           Tmut/Erth      1%         N/A       100%        6

Your spell library contained the following spells:

 Spells                   Type           Power      Damage    Failure   Level
 Gell's Gravitas          Tloc           7%         N/A       16%         3
 Lesser Beckoning         Tloc           7%         N/A       16%         3
 Teleport Other           Tloc           14%        N/A       16%         3
 Summon Small Mammal      Summ           8%         N/A       17%         1
 Slow                     Hex            2%         N/A       26%         2
 Call Canine Familiar     Summ           2%         N/A       45%         3
 Confusing Touch          Hex            2%         N/A       45%         3
 Summon Guardian Golem    Hex/Summ       2%         N/A       45%         3
 Vampiric Draining        Necr           1%         2d6       45%         3
 Manifold Assault         Tloc           14%        N/A       80%         5
 Petrify                  Tmut/Erth      2%         N/A       86%         4
 Metabolic Englaciation   Hex/Ice        1%         N/A       99%         5
 Orb of Destruction       Conj           1%         N/A       100%        7
 Spellforged Servitor     Conj/Summ      1%         N/A       100%        7


Dungeon Overview and Level Annotations

Branches:
Dungeon (13/15)            Temple (1/1) D:7            Lair (0/6) D:9
    Orc (0/2) D:9          Bailey (visited)
 Vaults: D:13-14

Altars:
Cheibriados
Elyvilon
Fedhas
Gozag
Hepliaklqana
Nemelex Xobeh
Ru
Sif Muna
Trog
Uskayaw
Xom
Yredelemnul

Shops:
D:2 (

Annotations:
D:4 2 transporters, velxir3's ghost, novice DsFi
D:6 3 runed translucent doors, Nausicaa's ghost, weakling VSDe
D:7 1 exclusion


Innate Abilities, Weirdness & Mutations

You are too large for most types of armour.
You have claws for hands.
Your natural rate of healing is unusually fast.
You are covered in fur. (AC +1)
You have tough skin. (AC +1)


Message History

* * * LOW HITPOINT WARNING * * *
Okay, then.
Unknown command.
Okay, then.
Unknown command.
Okay, then.
Unknown command.
You feel much better. The demonic crawler hits you. x3
* * * LOW HITPOINT WARNING * * *
The centaur warrior shoots an arrow.
The arrow hits you!
* * * LOW HITPOINT WARNING * * *
As you read the scroll of fear, it crumbles to dust.
You assume a fearsome visage.
The demonic crawler is unaffected.
The centaur warrior looks frightened!
The demonic crawler hits you.
* * * LOW HITPOINT WARNING * * *
The demonic crawler closely misses you. The demonic crawler hits you.
* * * LOW HITPOINT WARNING * * *
The demonic crawler completely misses you.
The demonic crawler closely misses you. The demonic crawler hits you!
* * * LOW HITPOINT WARNING * * *
Aiming: Phantom Mirror
Press: ? - help, Dir - move target, f - demonic crawler
Aim: a demonic crawler (heavily wounded)
You reflect the demonic crawler with the mirror!
The mirror clouds!
Your demonic crawler hits the demonic crawler.
Your demonic crawler hits the demonic crawler but does no damage.
Your demonic crawler hits the demonic crawler.
The demonic crawler closely misses you. The demonic crawler hits you!
* * * LOW HITPOINT WARNING * * *
The demonic crawler barely misses you.
You feel better.
The centaur warrior hums to itself desperately, trying to keep calm.
Your demonic crawler hits the demonic crawler.
Your demonic crawler barely misses the demonic crawler.
Your demonic crawler hits the demonic crawler.
The demonic crawler hits you!
* * * LOW HITPOINT WARNING * * *
The demonic crawler hits you.
You die...

#)#y#. #### ....
..#####..
#######......
#........)#
#..(......##
#.......ss.# .#
#.......@.^# .#
#..........# .#
#..........####>#
#.......)..)...# #
#........c####.##.#
##########........###
#.#...#....#
#.#.#<...#.
#.#.####.....


You could see a demonic crawler (ally target), a centaur warrior (fleeing) and a
friendly demonic crawler (summoned, drained).

Vanquished Creatures
  A boulder beetle (D:11)
  A rakshasa (D:13)
  A centaur warrior (D:13)
  5 two-headed ogres
  Urug (D:10)
  An ugly thing (D:12)
  2 deep elf pyromancers
  An orc knight (D:12)
  2 cyclopes
  A manticore (D:11)
  A centaur zombie (D:11)
  An unseen horror (D:8)
  2 trolls
  A hornet (D:10)
  A shadow (D:12)
  2 wraiths
  A vampire (D:11)
  A wyvern (D:10)
  A yak (D:9)
  A steam dragon (D:6)
  4 vampire mosquitoes
  2 acid dragons (D:12)
  3 water moccasins
  2 sky beasts
  12 orc warriors
  A necrophage (D:4)
  2 ogres
  2 phantoms
  2 centaurs
  6 bullfrogs
  4 kobold brigands
  8 scorpions
  A water moccasin zombie (D:6)
  A water moccasin skeleton (D:7)
  4 wights
  3 killer bees (D:9)
  A jelly (D:7)
  2 bullfrog zombies (D:6)
  9 orc priests
  A gnoll shaman (D:8)
  2 iguanas
  12 orc wizards
  A hound skeleton (D:4)
  A howler monkey zombie (D:3)
  11 gnolls
  5 adders
  3 white imps
  3 ufetubi
  5 worms
  5 dart slugs
  52 orcs
  6 endoplasms
  15 goblins
  10 hobgoblins
  15 jackals
  30 kobolds
  A quokka (D:2)
  4 ball pythons
  4 bats
  5 frilled lizards
  10 rats
298 creatures vanquished.

Vanquished Creatures (others)
  16 fungi
  4 plants (D:9)
  6 toadstools (D:7)
26 creatures vanquished.

Grand Total: 324 creatures vanquished

Notes
Turn   | Place    | Note
-------+----------+-------------------------------------------
     0 | D:1      | frimble the Troll Warper began the quest for the Orb.
     0 | D:1      | Reached XP level 1. HP: 19/19 MP: 1/1
    53 | D:1      | Reached skill level 1 in Throwing
   103 | D:1      | Reached XP level 2. HP: 28/28 MP: 3/3
   261 | D:1      | Found a faded altar of an unknown god.
   489 | D:1      | Reached XP level 3. HP: 35/35 MP: 4/4
  1046 | D:2      | Found Ekery's Antique Weapon Emporium.
  1157 | D:2      | Reached XP level 4. HP: 42/42 MP: 5/5
  1394 | D:2      | Learned a level 2 spell: Blink
  1554 | D:3      | Reached XP level 5. HP: 48/50 MP: 6/6
  1666 | D:3      | Reached skill level 3 in Unarmed Combat
  2187 | D:4      | Reached XP level 6. HP: 59/59 MP: 8/8
  2224 | D:4      | Found a transporter.
  2232 | D:4      | Found a transporter.
  2233 | D:4      | Noticed velxir3's ghost (novice DsFi)
  2316 | D:4      | Found a white marble altar of Elyvilon.
  2362 | D:4      | Reached skill level 4 in Unarmed Combat
  2450 | D:4      | Found a sparkling altar of Nemelex Xobeh.
  2452 | D:4      | Found an opulent altar of Gozag.
  2569 | D:4      | Reached XP level 7. HP: 47/67 MP: 9/9
  2775 | D:5      | Entered Level 5 of the Dungeon
  3122 | D:5      | Reached skill level 5 in Unarmed Combat
  3726 | D:6      | Reached XP level 8. HP: 78/79 MP: 10/10
  3872 | D:6      | Reached skill level 5 in Throwing
  3944 | D:6      | Reached skill level 5 in Fighting
  3944 | D:6      | Reached skill level 6 in Unarmed Combat
  4359 | D:6      | Found a runed translucent gate.
  4359 | D:6      | Found a runed translucent gate.
  4359 | D:6      | Found a runed translucent gate.
  4360 | D:6      | Noticed Nausicaa's ghost (weakling VSDe)
  4625 | D:7      | Found a staircase to the Ecumenical Temple.
  4641 | D:7      | Reached XP level 9. HP: 65/88 MP: 11/11
  4665 | D:7      | Identified the +1 kite shield of the Yeti {Dex+3}
  4689 | Temple   | Entered the Ecumenical Temple
  4695 | Temple   | Became a worshipper of Cheibriados the Contemplative
  5021 | D:7      | Reached skill level 1 in Shields
  5021 | D:7      | Reached skill level 7 in Unarmed Combat
  5142 | D:7      | Reached skill level 1 in Stealth
  5278 | D:7      | Reached * piety under Cheibriados
  5761 | D:8      | Reached skill level 1 in Invocations
  6026 | D:8      | Reached skill level 1 in Evocations
  6056 | D:8      | Killed an unseen horror
  6480 | D:9      | Found a basalt altar of Yredelemnul.
  6516 | D:9      | Reached ** piety under Cheibriados
  6748 | D:9      | Reached XP level 10. HP: 92/100 MP: 12/12
  6762 | D:9      | Reached skill level 8 in Unarmed Combat
  6812 | D:9      | Found a staircase to the Lair.
  7128 | D:9      | Found a staircase to the Orcish Mines.
  7237 | D:10     | Entered Level 10 of the Dungeon
  7627 | D:10     | Noticed a two-headed ogre
  7642 | D:10     | Killed a two-headed ogre
  7730 | D:10     | Noticed a two-headed ogre
  7761 | D:10     | Killed a two-headed ogre
  8369 | D:11     | Learned a level 6 spell: Statue Form
  8389 | D:11     | Noticed Urug
  8389 | D:11     | Noticed a two-headed ogre
  8449 | D:10     | Killed Urug
  8450 | D:10     | Reached skill level 9 in Unarmed Combat
  8488 | D:11     | Noticed a manticore
  8541 | D:11     | Killed a manticore
  8541 | D:11     | Reached *** piety under Cheibriados
  8563 | D:11     | Killed a two-headed ogre
  8564 | D:11     | Reached XP level 11. HP: 54/109 MP: 10/13
  8652 | D:11     | Noticed a two-headed ogre
  8674 | D:11     | Killed a two-headed ogre
  8702 | D:11     | Noticed a boulder beetle
  8716 | D:11     | Killed a boulder beetle
  8717 | D:11     | Reached skill level 5 in Invocations
  8903 | D:11     | Noticed a two-headed ogre
  8934 | D:11     | Killed a two-headed ogre
  9241 | D:12     | Noticed a deep elf pyromancer
  9296 | D:12     | Found a flagged portal.
  9304 | Bailey   | Entered a bailey
  9445 | Bailey   | Identified the +1 short sword of Rineb {vorpal, Will+}
  9497 | Bailey   | Reached **** piety under Cheibriados
  9808 | D:12     | Killed a deep elf pyromancer
  9874 | D:12     | Noticed an orc knight
  9894 | D:12     | Killed an orc knight
  9898 | D:12     | Reached skill level 10 in Unarmed Combat
  9898 | D:12     | Reached skill level 5 in Evocations
 10005 | D:12     | Noticed a brown ugly thing
 10017 | D:12     | Killed a white ugly thing
 10429 | D:13     | Noticed a deep elf pyromancer
 10429 | D:13     | Noticed a rakshasa
 10441 | D:13     | Killed a rakshasa
 10441 | D:13     | Noticed a centaur warrior
 10442 | D:13     | Noticed a centaur warrior
 10446 | D:13     | Killed a deep elf pyromancer
 10447 | D:13     | Reached XP level 12. HP: 84/119 MP: 10/15
 10461 | D:13     | Killed a centaur warrior
 10462 | D:13     | Reached skill level 5 in Dodging
 10465 | D:13     | HP: 1/119 [demonic crawler (8)]
 10466 | D:13     | Slain by a demonic crawler

Illustrated notes

Levels and vault maps discovered:
D:1:      dpeg_arrival_ternary, layout_loops_ring,
          shapermc_ecumenical_altar_totnotflames
D:2:      layout_rooms, serial_shops, shop, roderic_lattice_a,
          minmay_joined_circles
D:3:      layout_loops_ring
D:4:      layout_rooms, grunt_temple_overflow_opulence, elyvilon_altar_5,
          gammafunk_ghost_mausoleum
D:5:      layout_basic
D:6:      layout_basic, gammafunk_ghost_necromancy
D:7:      cheibrodos_fertilizer, layout_rooms, minmay_temple_entry_glass
D:8:      layout_basic
D:9:      layout_irregular_city, kennysheep_mini, grunt_lair_entry_orc_guard_hut
D:10:     layout_gridville, billiards_dpeg
D:11:     layout_cave_pools, uniq_urug
D:12:     layout_irregular_city, enter_bailey_3
D:13:     layout_basic, portal_ice_cave_rime, einodemon_crawler_minivault
Temple:   eino_narrow_crystal_temple

Skill      XL: |  1  2  3  4  5  6  7  8  9 10 11 12 |
---------------+-------------------------------------+-----
Throwing       | 1 2 3 4 5 6 |  6.0
Dodging        | 2 4 5 |  5.0
Fighting       | 2 3 4 5 6 7 8 |  8.0
Unarmed Combat | 3 4 5 6 7 9 10 | 10.5
Spellcasting   | 2 |  2.0
Translocations | 3 |  3.0
Shields        | 1 |  1.9
Stealth        | 2 |  2.0
Invocations    | 2 4 6 |  6.8
Evocations     | 1 3 5 |  5.0

Action                   |  1- 3 |  4- 6 |  7- 9 | 10-12 || total
-------------------------+-------+-------+-------+-------++-------
Melee: Unarmed           |   118 |   168 |   400 |   242 ||   928
       Punch             |     2 |     2 |    15 |    21 ||    40
Throw: Dart              |       |       |    16 |    62 ||    78
       Boomerang         |       |       |       |    22 ||    22
       Javelin           |       |       |       |     3 ||     3
 Cast: Blink             |       |       |     4 |    20 ||    24
Invok: Slouch            |       |       |       |     3 ||     3
Evoke: Wand              |       |       |     1 |     7 ||     8
       Phantom mirror    |       |       |       |     1 ||     1
  Use: Scroll            |       |     7 |     8 |     5 ||    20
       Potion            |       |       |     6 |     4 ||    10
 Stab: Sleeping          |     1 |       |     2 |     2 ||     5
       Paralysed         |       |       |       |     4 ||     4
Armor: Robe              |    45 |    51 |   115 |    25 ||   236
       Troll leather arm |       |       |       |    48 ||    48
       Skin              |       |       |       |     2 ||     2
Dodge: Dodged            |    56 |    65 |   176 |   157 ||   454
